 Dungeon Crawl Stone Soup version 0.20-b1-24-gb21faa7 (webtiles) character file.

116 miragecloak the Changer (level 5, 0/33 HPs)
             Began as an Octopode Transmuter on May 25, 2017.
             Slain by an orc wizard
             ... wielding a +0 dagger
              (5 damage)
             ... on level 3 of the Dungeon.
             The game lasted 00:01:54 (2286 turns).

miragecloak the Changer (Octopode Transmuter)       Turns: 2286, Time: 00:01:55

Health: 0/33       AC:  1    Str:  9    XL:     5   Next: 1%
Magic:  5/8        EV: 13    Int: 16    God:
Gold:   117        SH:  0    Dex: 13    Spells: 4/8 levels left

rFire    . . .     SeeInvis .     - Unarmed
rCold    . . .     Gourm    .   (no shield)
rNeg     . . .     Faith    .   (helmet restricted)
rPois    .         Spirit   .   (no amulet)
rElec    .         Reflect  .   (no ring)
rCorr    .         Harm     .   (no ring)
MR       .....                  (no ring)
Stlth    ++........             (no ring)
Regen    0.2/turn               (no ring)
MPRegen  0.2/turn               (no ring)
                                (no ring)
                                (no ring)

@: confused
A: almost no armour, stealthy swim, amphibious, 8 rings, constrict 8, camouflage
1, gelatinous body 1
a: no special abilities


You were on level 3 of the Dungeon.
You were not hungry.

You visited 1 branch of the dungeon, and saw 3 of its levels.

You collected 117 gold pieces.

Inventory:

Missiles
 a - 12 arrows
Jewellery
 k - an uncursed amulet of magic regeneration {unknown}
Scrolls
 d - 3 scrolls of identify {unknown}
 e - a scroll of recharging {unknown}
 g - 2 scrolls of noise {unknown}
 i - a scroll of amnesia {unknown}
 l - 2 scrolls of immolation {unknown}
 m - 2 scrolls of fog {unknown}
 n - a scroll of remove curse {unknown}
 o - a scroll of random uselessness {unknown}
 r - a scroll of teleportation {unknown}
 s - a scroll of magic mapping {unknown}
Potions
 h - 2 potions of agility
 j - a potion of degeneration {unknown}
 p - a potion of curing {unknown}
 q - a potion of might {unknown}
 t - a potion of brilliance {unknown}
Books
 b - a book of Changes

   Spells                             Type                      Level
   a - Beastly Appendage              Transmutation                1
   b - Sticks to Snakes               Transmutation                2
   c - Spider Form                    Transmutation/Poison         3
   d - Ice Form                       Ice/Transmutation            4
   e - Blade Hands                    Transmutation                5
Comestibles
 c - 2 bread rations
 f - a royal jelly


   Skills:
 - Level 1.0 Fighting
 - Level 2.0 Dodging
 - Level 3.0 Unarmed Combat
 - Level 2.0 Spellcasting
 + Level 4.3 Transmutations
 + Level 2.6 Poison Magic


You had 4 spell levels left.
You knew the following spells:

 Your Spells              Type           Power        Failure   Level  Hunger
a - Beastly Appendage     Tmut           ###...       3%          1    #......
b - Spider Form           Tmut/Pois      ##........   14%         3    ###....


Dungeon Overview and Level Annotations

Branches:
Dungeon (3/15)

Altars:
Yredelemnul

Annotations:
D:3 Jessica


Innate Abilities, Weirdness & Mutations

You cannot wear most types of armour.
You are very stealthy in the water. (Stealth+)
You are amphibious.
You can wear up to eight rings at the same time.
You can use your tentacles to constrict eight enemies at once.
Your skin changes colour to match your surroundings (Stealth+).
Your rubbery body absorbs attacks. (AC +1, EV +1)


Message History

You kill the orc wizard!
You have reached level 5!
You feel clever. The orc wizard misses you. The hobgoblin closely misses you.
The orc wizard closely misses you.
The hobgoblin hits you but does no damage.
The orc wizard barely misses you. The hobgoblin completely misses you.
Things that are here:
a dagger; a robe; an orc corpse You hit the orc wizard but do no damage.
The orc wizard is poisoned.
The orc wizard barely misses you.
Jessica mumbles some strange words.
Jessica blinks!
The hobgoblin barely misses you. The orc wizard barely misses you.
Jessica casts a spell.
Jessica blinks!
Your transformation has ended.
The orc wizard misses you. The hobgoblin closely misses you.
The orc wizard hits you with a dagger.
You die...

#.# ########### #.#
.÷........# #.#
.########.# #.# .#
#.# ##.# .#
##.####†># # .#
#...##.#.##.###.# .#
####...#..#o@.......
.#
#........#gg#.#.#.#.
.####.......##.)#.#
...........####@###
..###.......# #...
..###.##...#. ......
..##...#...##.#.###.#
...........# ..# #
#.##....#### ..#


You could see an orc wizard, Jessica and 2 hobgoblins.

Vanquished Creatures
  An orc priest (D:3)
  An orc wizard (D:3)
  An adder (D:2)
  2 oozes
  2 worms (D:2)
  A dart slug (D:2)
  A leopard gecko (D:2)
  4 giant cockroaches
  4 goblins (D:1)
  6 hobgoblins
  7 kobolds
  A ball python (D:3)
  4 bats
  4 rats
39 creatures vanquished.

Notes
Turn   | Place    | Note
-------+----------+-------------------------------------------
     0 | D:1      | miragecloak the Octopode Transmuter began the quest for the Orb.
     0 | D:1      | Reached XP level 1. HP: 13/13 MP: 3/3
   176 | D:1      | Reached XP level 2. HP: 13/18 MP: 3/5
   259 | D:1      | Reached skill level 3 in Transmutations
   925 | D:2      | Reached XP level 3. HP: 4/23 MP: 4/6
  1234 | D:2      | Learned a level 3 spell: Spider Form
  1286 | D:2      | Found a basalt altar of Yredelemnul.
  1690 | D:2      | Reached skill level 1 in Poison Magic
  2153 | D:3      | Reached XP level 4. HP: 28/28 MP: 3/7
  2265 | D:3      | Noticed Jessica
  2276 | D:3      | Reached skill level 4 in Transmutations
  2282 | D:3      | Reached XP level 5. HP: 4/33 MP: 5/8
  2286 | D:3      | Slain by an orc wizard

Skill      XL: |  1  2  3  4 |
---------------+-------------+-----
Transmutations | 3 4 |  4.3
Poison Magic   | 1 2 |  2.6
Fighting       | |  1.0
Dodging        | |  2.0
Unarmed Combat | |  3.0
Spellcasting   | |  2.0

Action                   |  1- 3 |  4- 6 || total
-------------------------+-------+-------++-------
Melee: Unarmed           |    88 |    27 ||   115
       Constrict         |    10 |     2 ||    12
       Kick              |    11 |       ||    11
       Tentacles         |     4 |     1 ||     5
 Cast: Beastly Appendage |    13 |       ||    13
       Spider Form       |    11 |     3 ||    14
 Stab: Sleeping          |     1 |       ||     1
  Eat: Chunk             |     4 |     2 ||     6
Armor: Skin              |     6 |     3 ||     9
Dodge: Dodged            |    80 |    58 ||   138
